 Dungeon Crawl Stone Soup version 0.30.1-9-gdf580d7c3d (webtiles) character file.

Game seed: 8080615062742963720

171 lonewolfV2 the Trooper (level 5, 0/43 HPs)
             Began as a Demonspawn Chaos Knight on Oct 24, 2023.
             Was a Plaything of Xom.
             Slain by an orc
             ... wielding a +0 mace
              (3 damage)
             ... on level 3 of the Dungeon.
             The game lasted 00:07:08 (2357 turns).

lonewolfV2 the Trooper (Demonspawn Chaos Knight)    Turns: 2357, Time: 00:07:08

Health: 0/43       AC:  1    Str: 14    XL:     5   Next: 26%
Magic:  5/5        EV: 11    Int: 14    God:    Xom [.*....]
Gold:   130        SH:  0    Dex: 12    Spells: 4/4 levels left

rFire   . . .        a - +1 hand axe (chaos)
rCold   . . .        (no shield)
rNeg    . . .        (no body armour)
rPois   .            (helmet restricted)
rElec   .            (no cloak)
rCorr   .            (no gloves)
SInv    .            p - +0 pair of boots
Will    .....        (no amulet)
Stlth   +            (no ring)
HPRegen 0.27/turn    (no ring)
MPRegen 0.09/turn

%: no passive effects
@: no status effects
A: antennae 2, foul stench 1
a: Renounce Religion


You were on level 3 of the Dungeon.
You worshipped Xom.
You were a plaything of Xom.
You visited 1 branch of the dungeon, and saw 3 of its levels.

You collected 130 gold pieces.

Inventory:

Hand Weapons
 a - a +1 hand axe of chaos (weapon)
Armour
 b - a +3 leather armour
 i - a +0 chain mail
 p - a +0 pair of boots (worn)
Jewellery
 k - a +4 ring of slaying
Scrolls
 h - a scroll of fog
 m - a scroll of magic mapping
 n - a scroll of enchant armour
Potions
 d - a potion of flight
 f - 3 potions of haste
 g - a potion of attraction {unknown}
 j - a potion of ambrosia {unknown}
 l - a potion of brilliance {unknown}
 q - 2 potions of heal wounds {unknown}
 r - 2 potions of berserk rage {unknown}
 t - a potion of might {unknown}
Miscellaneous
 c - a piece from Xom's chessboard (15/15) (quivered)


   Skills:
 * Level 4.7 Fighting
 + Level 3.5 Axes
 + Level 2.9 Armour
 - Level 1.0 Dodging


You had 4 spell levels left.
You didn't know any spells.
Your spell library contained the following spells:

 Spells                   Type           Power      Damage    Failure   Level
 Magic Dart               Conj           0%         1d3       28%         1
 Call Imp                 Summ           0%         N/A       41%         2
 Gell's Gravitas          Tloc           0%         N/A       65%         3
 Mephitic Cloud           Conj/Pois/Air  0%         N/A       65%         3
 Teleport Other           Tloc           0%         N/A       65%         3
 Dispersal                Tloc           0%         N/A       100%        6


Dungeon Overview and Level Annotations

Branches:
Dungeon (3/15)

Altars:

Shops:
D:2 *=


Innate Abilities, Weirdness & Mutations

You have a pair of antennae on your head.
You may rarely emit foul miasma when damaged in melee.


Message History

Your ufetubus dies!
Your ufetubus disappears in a puff of smoke!
The orc completely misses you. Something hits you.
You emit a cloud of foul miasma!
The orc hits you with a +0 club.
Items here: )) ††.
You closely miss something. You hit the orc.
The orc is poisoned.
You hit the orc but do no damage. The orc barely misses you.
The orc hits you with a +0 club.
* * * LOW HITPOINT WARNING * * *
You hit something but do no damage. You hit the orc but do no damage. x2
The orc hits you with a +0 club.
* * * LOW HITPOINT WARNING * * *
The orc hits you with a +0 club.
* * * LOW HITPOINT WARNING * * *
You emit a cloud of foul miasma!
Something hits you.
* * * LOW HITPOINT WARNING * * *
You feel better.
The orc is engulfed in dark miasma.
The orc is poisoned.
The orc barely misses you. The orc hits you with a +0 club.
* * * LOW HITPOINT WARNING * * *
Something hits you.
* * * LOW HITPOINT WARNING * * *
You feel better.
You kill the orc!
The orc is engulfed in dark miasma.
The orc looks even sicker.
The orc seems to slow down.
You kill the orc!
Something hits you.
* * * LOW HITPOINT WARNING * * *
You hit something.
Reactivating autopickup.
You feel a bit more experienced.
You barely miss the orc. The orc closely misses you.
The orc hits you with a +0 mace!
* * * LOW HITPOINT WARNING * * *
Xom is highly amused!
You closely miss the orc. The orc closely misses you.
You hit the orc.
The orc is almost dead.
The orc hits you with a +0 mace.
You die... "This toy is broken."

... .##.#[.......# .#..
.## ..!..........##
..... ... #.##.........
..... .#..
..##....?...# #.#... ##
#.####........###......
) ..............### .
#........#......#
..!....o°#).....#
.......°@)......#
....#####)......# ...
##......# $. #......# .
#......# #......#
########


You could see an orc.

Vanquished Creatures
  An orc priest (D:3)
  An orc wizard (D:3)
  2 adders
  2 dart slugs (D:1)
  3 orcs (D:3)
  5 endoplasms (D:1)
  2 giant cockroaches (D:1)
  4 goblins (D:2)
  4 hobgoblins
  3 jackals (D:1)
  10 kobolds
  A quokka (D:1)
  8 ball pythons
  7 bats
  4 frilled lizards (D:1)
  3 rats
60 creatures vanquished.

Vanquished Creatures (collateral kills)
  An orc wizard (D:3)
  An orc (D:3)
  A kobold (D:3)
3 creatures vanquished.

Grand Total: 63 creatures vanquished

Notes
Turn   | Place    | Note
-------+----------+-------------------------------------------
     0 | D:1      | lonewolfV2 the Demonspawn Chaos Knight began the quest for
                  | the Orb.
     0 | D:1      | Reached XP level 1. HP: 18/18 MP: 1/1
    17 | D:1      | XOM: potion effect (haste)
    24 | D:1      | Reached skill level 1 in Dodging
   162 | D:1      | Gained mutation: You have a pair of small antennae on your
                  | head. [demonic ancestry]
   162 | D:1      | Reached XP level 2. HP: 23/24 MP: 2/2
   187 | D:1      | Found a faded altar of an unknown god.
   197 | D:1      | XOM: divination: magic mapping
   324 | D:1      | Reached XP level 3. HP: 29/29 MP: 3/3
   544 | D:1      | XOM: smoke on damage
   922 | D:2      | XOM: 1-stop teleportation journey
  1103 | D:2      | XOM: silly message
  1500 | D:2      | Found Geajaa's Jewellery Shop.
  1554 | D:2      | Reached skill level 4 in Fighting
  1602 | D:2      | Found Usod's General Store.
  2013 | D:1      | XOM: silly message
  2192 | D:3      | Gained mutation: You have a pair of antennae on your head.
                  | [demonic ancestry]
  2192 | D:3      | Reached XP level 4. HP: 35/37 MP: 4/4
  2306 | D:3      | XOM: polymorph orc -> kobold
  2310 | D:3      | XOM: god gift: boomerang
  2311 | D:3      | XOM: 4-stop teleportation journey
  2331 | D:3      | XOM: summons friendly ufetubus
  2347 | D:3      | Gained mutation: You may rarely emit foul miasma when
                  | damaged in melee. [demonic ancestry]
  2347 | D:3      | Reached XP level 5. HP: 28/43 MP: 5/5
  2353 | D:3      | HP: 2/43 [something (3)]
  2357 | D:3      | Slain by an orc

Illustrated notes

Levels and vault maps discovered:
D:1:      wander_arrival_lonely_grave, layout_basic,
          chequers_ecumenical_altar_simple, corexii_corridor_pit,
          minmay_pentomino_w4
D:2:      layout_basic, serial_shops, nicolae_lakefront_shop, shop,
          nicolae_shop_stone, chequers_serial_rivers_marsh
D:3:      layout_rooms, hellmonk_no_cap

Skill      XL: |  1  2  3 |
---------------+----------+-----
Dodging        | 1 |  1.0
Armour         | 2 |  2.9
Axes           | 3 |  3.5
Fighting       | 4 |  4.7

Action                     |  1- 3 |  4- 6 || total
---------------------------+-------+-------++-------
  Melee: Hand axe          |   119 |    29 ||   148
         Punch             |     2 |       ||     2
  Evoke: Piece from Xom's  |     1 |       ||     1
    Use: Scroll            |     8 |       ||     8
         Potion            |       |     5 ||     5
 Armour: Leather armour    |    63 |       ||    63
         Skin              |     3 |     2 ||     5
  Dodge: Dodged            |   140 |    22 ||   162
